 Dungeon Crawl Stone Soup version 0.27-a0-1116-g91b3acb402 (webtiles) character file.

Game seed: 17258642188098711901

63 voltaire321 the Skirmisher (level 3, -2/29 HPs)
             Began as a Demonspawn Fighter on May 1, 2021.
             Slain by an orc
             ... wielding a +0 trident
              (6 damage)
             ... on level 3 of the Dungeon on May 2, 2021.
             The game lasted 00:05:16 (2839 turns).

voltaire321 the Skirmisher (Demonspawn Fighter)     Turns: 2839, Time: 00:05:17

Health: -2/29      AC: 12    Str: 17    XL:     3   Next: 87%
Magic:  3/3        EV:  3    Int:  9    God:
Gold:   134        SH:  9    Dex: 12    Spells: 2/2 levels left

rFire    . . .     SeeInvis .   a - +0 war axe
rCold    . . .     Faith    .   c - +0 kite shield
rNeg     . . .     Spirit   .   e - +0 plate armour
rPois    .         Reflect  .   i - +1 hat
rElec    .         Harm     .   (no cloak)
rCorr    .         Rampage  .   (no gloves)
Will     .....                  (no boots)
Stlth    ..........             (no amulet)
HPRegen  0.09/turn              (no ring)
MPRegen  0.08/turn              (no ring)

@: no status effects
A: hooves 2
a: no special abilities


You were on level 3 of the Dungeon.
You visited 1 branch of the dungeon, and saw 3 of its levels.

You collected 134 gold pieces.

Inventory:

Hand Weapons
 a - a +0 war axe (weapon)
Armour
 b - a +0 scale mail
 c - a +0 kite shield (worn)
 e - a +0 plate armour (worn)
 i - a +1 hat (worn)
Jewellery
 f - a ring of poison resistance
 l - a +6 ring of strength
Scrolls
 h - a scroll of immolation {unknown}
 j - a scroll of vulnerability {unknown}
 k - a scroll of fear {unknown}
 m - a scroll of magic mapping {unknown}
Potions
 d - a potion of might
 g - a potion of curing {unknown}


   Skills:
 + Level 3.5 Fighting
 + Level 2.3 Axes
 + Level 3.1 Armour
 + Level 1.0 Dodging
 + Level 3.1 Shields


You had 2 spell levels left.
You didn't know any spells.
Your spell library contained the following spells:

 Spells                   Type           Power      Damage    Failure   Level
 Animate Skeleton         Necr           0%         N/A       100%        1
 Magic Dart               Conj           0%         1d3       100%        1
 Pain                     Necr           0%         1d4       100%        1
 Searing Ray              Conj           0%         3d3       100%        2
 Dazzling Flash           Conj/Hex       0%         N/A       100%        3
 Vampiric Draining        Necr           0%         2d6       100%        3
 Animate Dead             Necr           0%         N/A       100%        4
 Fulminant Prism          Conj/Hex       0%         3d6       100%        4
 Iskenderun's Mystic Bla  Conj/Tloc      0%         2d3       100%        4
 Agony                    Necr           0%         N/A       100%        5


Dungeon Overview and Level Annotations

Branches:
Dungeon (3/15)

Altars:

Shops:
D:1 !


Innate Abilities, Weirdness & Mutations

You have hoof-like feet.


Message History

Found a stone staircase leading up.
m - a scroll labelled NOWEIBL GAJON
There is a stone staircase leading up here.
You open the door. 2 orcs and an orc wizard come into view.
The orc wizard shouts!
The orc shouts!
An orc priest comes into view. It is wielding a +0 hand axe.
The orc priest shouts!
The orc wizard gestures at you while chanting.
You are confused.
There is an open door here.
You bump into the rock wall.
The orc wizard gestures at itself while chanting.
The orc wizard flickers and vanishes!
Deactivating autopickup; reactivate with Ctrl-A.
The orc hits you with a +0 hand axe. The orc hits you but does no damage. x2
The orc priest hits you but does no damage.
You closely miss something. You barely miss the orc. You hit the orc.
You closely miss the orc priest.
You hear some strange, mumbled words.
A puff of flame appears from out of thin air!
The puff of flame hits you. The orc hits you but does no damage.
The orc barely misses you. The orc priest completely misses you.
Something hits you but does no damage. The orc hits you but does no damage. x2
You completely miss something. You kick something. You hit the orc priest.
You closely miss the orc. You hit the orc but do no damage.
You feel less confused.
The orc priest invokes the aid of Beogh against you.
Beogh smites you! You block something's attack. The orc barely misses you.
You block the orc's attack.
The orc priest hits you with a +0 hand axe.
* * * LOW HITPOINT WARNING * * *
You hit something but do no damage. You hit the orc priest.
You completely miss the orc. You closely miss the orc.
Something hits you but does no damage. The orc hits you with a +0 trident.
* * * LOW HITPOINT WARNING * * *
The orc barely misses you. The orc priest completely misses you.
Something hits you but does no damage. The orc hits you with a +0 trident.
You die...

...<######..............#
.....# ##.......#####.# ≈≈...#
##.....## #.# ≈≈...# ##.#.##
#.# ≈≈...# ###.# #.# .....# #.#
#.# .....# ##'## #.# ##.#.#
##..o## #.# ##.#.## #...@.#
#.####### ......## #...o{o.#
#.......#
##.#...####.........####...##.#
..........+.........+.........#
####...####.........####...####
##..# ##.......## ##..# ##.#
##.....## ##.# #.# ##...#####
#.# #.# ##.....[.## #.#


You could see an orc priest and 2 orcs.

Vanquished Creatures
  An adder (D:2)
  4 ball pythons
  4 bats
  3 endoplasms
  2 giant cockroaches (D:2)
  6 goblins
  6 hobgoblins
  6 jackals (D:2)
  2 quokkas
  5 frilled lizards
  5 kobolds
  4 rats (D:1)
48 creatures vanquished.

Notes
Turn   | Place    | Note
-------+----------+-------------------------------------------
     0 | D:1      | voltaire321 the Demonspawn Fighter began the quest for the
                  | Orb.
     0 | D:1      | Reached XP level 1. HP: 18/18 MP: 1/1
   324 | D:1      | Gained mutation: You have large cloven feet. [demonic
                  | ancestry]
   324 | D:1      | Reached XP level 2. HP: 23/24 MP: 2/2
   660 | D:1      | Found Ziecruir's Distillery.
   887 | D:1      | Found a faded altar of an unknown god.
  1350 | D:2      | Gained mutation: You have hoof-like feet. [demonic
                  | ancestry]
  1350 | D:2      | Reached XP level 3. HP: 29/29 MP: 3/3
  2253 | D:2      | Reached skill level 1 in Dodging
  2839 | D:3      | Slain by an orc

Illustrated notes

Levels and vault maps discovered:
D:1:      tarquinn_simple_flora_water_a, layout_loops_corners,
          hellmonk_ecumenical_altar_heavens_door, serial_shops, shop
D:2:      layout_basic, minmay_misc_feat_tiny
D:3:      layout_loops_corners, cheibriados_altar_1, serial_park_tiny_pond,
          minmay_tree_intersection, uniq_jessica

Skill      XL: |  1  2  3 |
---------------+----------+-----
Axes           | 2 |  2.3
Armour         | 3 |  3.1
Shields        | 3 |  3.1
Dodging        | 1 |  1.0
Fighting       | |  3.5

Action                   || total
-------------------------++-------
Melee: War axe           ||   126
       Kick              ||    28
Armor: Plate armour      ||   118
       Scale mail        ||     1
Dodge: Dodged            ||    16
Block: Kite shield       ||    78

Table legend: (Time is in decaauts)
 A = Elapsed time spent in this place.
 B = Non-inter-level travel time spent in this place.
 C = Inter-level travel time spent in this place.
 D = Time resting spent in this place.
 E = Time spent auto-exploring this place.
 F = Levels seen in this place.
 G = Mean time per level.
                   A        B        C        D        E       F      G
               +--------+--------+--------+--------+--------+-----+--------+
         Total |   2918 |   2792 |    126 |    445 |   1892 |   3 |  972.7 |
       Dungeon |   2918 |   2792 |    126 |    445 |   1892 |   3 |  972.7 |
               +--------+--------+--------+--------+--------+-----+--------+

Top non-repeatable levels by time:
     D:1: 1367 daAuts
     D:2: 1339 daAuts
     D:3: 211 daAuts
